 Dungeon Crawl Stone Soup version 0.28.0-1-gb440e238dd (webtiles) character file.

Game seed: 15214658786283361368

19 Zeldest the Grave Robber (level 2, 2/14 HPs)
             Began as a Vine Stalker Necromancer on Feb 21, 2022.
             Was a Follower of Nemelex Xobeh.
             Quit the game on level 2 of the Dungeon.
             The game lasted 00:04:12 (557 turns).

Zeldest the Grave Robber (Vine Stalker Necromancer)  Turns: 557, Time: 00:04:13

Health: 2/14       AC:  2    Str: 10    XL:     2   Next: 75%
Magic:  4/6        EV: 12    Int: 15    God:    Nemelex Xobeh [*.....]
Gold:   57         SH:  0    Dex: 14    Spells: 3/5 levels left

rFire   . . .      SeeInvis .     - Unarmed
rCold   . . .      Faith    .   (no shield)
rNeg    . . .      Spirit   +   a - +0 robe
rPois   .          Reflect  .   (no helmet)
rElec   .          Harm     .   (no cloak)
rCorr   .          Rampage  .   (no gloves)
Will    .....                   (no boots)
Stlth   ++........              (no amulet)
HPRegen 0.04/turn               (no ring)
MPRegen 0.10/turn               (no ring)

@: no status effects
A: fangs 2, magic shield, antimagic bite, no potion heal 2
a: Renounce Religion, Draw Escape, Draw Destruction, Draw Summoning


You were on level 2 of the Dungeon.
You worshipped Nemelex Xobeh.
Nemelex Xobeh was aware of your devotion.
You visited 1 branch of the dungeon, and saw 2 of its levels.

You collected 57 gold pieces.

Inventory:

Missiles
 c - 7 poisoned darts
Armour
 a - a +0 robe (worn)
Potions
 b - a potion of lignification {unknown}
 d - a potion of curing {unknown}


   Skills:
 + Level 0.5 Fighting
 - Level 1.5 Dodging
 - Level 2.4 Stealth
 * Level 1.2 Unarmed Combat
 - Level 2.1 Spellcasting
 * Level 4.2 Necromancy
 + Level 0.5 Transmutations


You had 3 spell levels left.
You knew the following spells:

 Your Spells              Type           Power      Damage    Failure   Level
a - Pain                  Necr           56%        1d6       3%          1
b - Animate Skeleton      Necr           28%        N/A       3%          1

Your spell library contained the following spells:

 Spells                   Type           Power      Damage    Failure   Level
 Vampiric Draining        Necr           14%        2d7       12%         3
 Inner Flame              Hex/Fire       1%         N/A       54%         3
 Animate Dead             Necr           7%         N/A       36%         4
 Agony                    Necr           14%        N/A       71%         5
 Cause Fear               Hex            0%         N/A       91%         4
 Discord                  Hex            0%         N/A       100%        8


Dungeon Overview and Level Annotations

Branches:
Dungeon (2/15)

Altars:
Nemelex Xobeh

Shops:
D:1 (


Innate Abilities, Weirdness & Mutations

You have extremely sharp teeth.
When hurt, damage is shared between your health and your magic reserves.
Your bite disrupts and absorbs the magic of your enemies.
Potions cannot restore your health.


Message History

The endoplasm quivers.
You see here a book of Hexes.
You pick up a book of Hexes and begin reading...
You add the spells Inner Flame, Cause Fear and Discord to your library.
Casting: Pain (safe; 3% risk of failure)
Confirm with . or Enter, or press ? or * to list all spells.
Aiming: Pain (safe; 3% risk of failure)
Press: ? - help, Shift-Dir - straight line, f - endoplasm
Aim: an endoplasm (chance to affect: 84%)
The endoplasm writhes in agony.
Casting: Pain (safe; 3% risk of failure)
Confirm with . or Enter, or press ? or * to list all spells.
Aiming: Pain (safe; 3% risk of failure)
Press: ? - help, Shift-Dir - straight line, f/p - endoplasm
Aim: an endoplasm (moderately wounded, chance to affect: 84%)
The endoplasm writhes in agony.
Casting: Pain (safe; 3% risk of failure)
Confirm with . or Enter, or press ? or * to list all spells.
Aiming: Pain (safe; 3% risk of failure)
Press: ? - help, Shift-Dir - straight line, f/p - endoplasm
Aim: an endoplasm (severely wounded, chance to affect: 84%)
The endoplasm barely resists.
The endoplasm barely misses you.
Casting: Pain (safe; 3% risk of failure)
Confirm with . or Enter, or press ? or * to list all spells.
Aiming: Pain (safe; 3% risk of failure)
Press: ? - help, Shift-Dir - straight line, f/p - endoplasm
Aim: an endoplasm (severely wounded, chance to affect: 84%)
The endoplasm writhes in agony.
You kill the endoplasm!
The great orb of eyes pulsates ominously.
c - 7 poisoned darts (gained 4)
Okay, then.
Okay, then.
There is a faded altar of an unknown god here.
You cannot tell which god this altar belongs to.
Convert to them anyway?
Nemelex Xobeh accepts your prayer! Nemelex Xobeh welcomes you!
You can now draw from decks of power.
Nemelex will now gift you decks of power as you gain piety.
Are you sure you want to abandon this character and quit the game? (Confirm with "yes".)

#.........# #.# #.#
###.#.###.# #.# #.#
##....##.#####.# #.#
##..............### #.###
#...###...###.....# #....
#.##.#G#...#G#.###.#
##### ... #.###...###.#
#.# #g##.##...........#
#.# #
#.#.....@.....###.####
##...........)..).....#
.......###...###.###.##.#
.####..#G#...#G#.# #.# #
##.###...###.# #.#
#####........^..# #.#
........######### #.#
.......## ..# .##.##. ##


You could see 2 great orbs of eyes, a shining eye and an eye of devastation.

Vanquished Creatures
  A dart slug (D:1)
  3 endoplasms
  A goblin (D:2)
  A hobgoblin (D:1)
  A quokka (D:2)
  A ball python (D:1)
  3 bats (D:1)
  A frilled lizard (D:1)
  3 kobolds
  2 rats
17 creatures vanquished.

Vanquished Creatures (collateral kills)
  A frilled lizard (D:1)
1 creature vanquished.

Grand Total: 18 creatures vanquished

Notes
Turn   | Place    | Note
-------+----------+-------------------------------------------
     0 | D:1      | Zeldest the Vine Stalker Necromancer began the quest for
                  | the Orb.
     0 | D:1      | Reached XP level 1. HP: 9/9 MP: 4/4
     6 | D:1      | Found Xefakh's Antique Weapon Boutique.
    11 | D:1      | Learned a level 1 spell: Animate Skeleton
    73 | D:1      | Reached XP level 2. HP: 1/13 MP: 1/6
   130 | D:1      | Reached skill level 1 in Unarmed Combat
   440 | D:2      | Found a faded altar of an unknown god.
   514 | D:2      | Noticed a great orb of eyes
   518 | D:2      | Noticed a shining eye
   522 | D:2      | Noticed an eye of devastation
   522 | D:2      | Noticed a great orb of eyes
   556 | D:2      | Prayed at the altar of an unknown god.
   556 | D:2      | Became a worshipper of Nemelex Xobeh the Trickster
   556 | D:2      | Reached * piety under Nemelex Xobeh
   557 | D:2      | Quit the game

Illustrated notes

Levels and vault maps discovered:
D:1:      giann_bridges, layout_rooms, serial_shops, shop_statue,
          minmay_tetromino_s4
D:2:      layout_loops_ring, hellmonk_ecumenical_altar_watching_god, basic_altar

Skill      XL: |  1  2 |
---------------+-------+-----
Unarmed Combat | 1 |  1.2
Fighting       | |  0.5
Dodging        | |  1.5
Stealth        | |  2.4
Spellcasting   | |  2.1
Necromancy     | |  4.2
Transmutations | |  0.5

Action                   || total
-------------------------++-------
Melee: Unarmed           ||    18
       Bite              ||     1
 Cast: Pain              ||    23
       Animate Skeleton  ||     3
 Stab: Distracted        ||     1
       Sleeping          ||     1
Armor: Robe              ||     3
Dodge: Dodged            ||     7
